 Dungeon Sprint DCSS version 0.27-a0-1119-gbf574a6a6b (webtiles) character file.

Game seed: 8504534043548045356

39551 mhtbhm the Pyromancer (level 13, -7/63 HPs)
             Began as a Deep Elf Fire Elementalist on May 2, 2021.
             Was the Champion of Vehumet.
             Splashed by a yellow draconian's acid (13 damage)
             ... in the Dungeon (Sprint V: "Ziggurat Sprint").
             The game lasted 00:11:19 (2314 turns).

mhtbhm the Pyromancer (Deep Elf Fire Elementalist)  Turns: 2314, Time: 00:11:20

Health: -7/63      AC: 12    Str:  8    XL:     13   Next: 69%
Magic:  36/40      EV: 20    Int: 34    God:    Vehumet [******]
Gold:   0          SH:  5    Dex: 21    Spells: 11/55 levels left

rFire    + . .     SeeInvis .   C - +8 lance "Wyrmbane" {slay drac, rPois rF+ rC+ AC+3}
rCold    + . .     Faith    .   (no shield)
rNeg     . . .     Spirit   .   a - +2 robe {Will+}
rPois    +         Reflect  +   (no helmet)
rElec    .         Harm     .   F - +1 cloak {rPois}
rCorr    .         Rampage  .   z - +2 pair of gloves {Str+3}
Will     ++...     NoTele   +   (no boots)
Stlth    +++.......             E - amulet "Emuqistri" {Reflect Int-4 Dex+6 SH+5}
HPRegen  0.20/turn              x - +6 ring of intelligence
MPRegen  0.27/turn              y - +6 ring of intelligence

@: studying 2 skills
A: no striking features
a: Renounce Religion


You were in the Dungeon.
You worshipped Vehumet.
Vehumet was exalted by your worship.
You visited 1 branch

Inventory:

Hand Weapons
 C - the +8 lance "Wyrmbane" (weapon) {slay drac, rPois rF+ rC+ AC+3}
   (You found it in the Dungeon)

   It affects your AC (+3).
   It protects you from fire.
   It protects you from cold.
   It protects you from poison.
Armour
 a - a +2 robe of willpower (worn)
 z - a +2 pair of gloves of strength (worn)
 F - a +1 cloak of poison resistance (worn)
Jewellery
 x - a +6 ring of intelligence (left hand)
 y - a +6 ring of intelligence (right hand)
 E - the amulet "Emuqistri" (around neck) {Reflect Int-4 Dex+6 SH+5}
   (You found it in the Dungeon)

   [amulet of reflection]

   It reflects blocked missile attacks.
   It affects your intelligence (-4).
   It affects your dexterity (+6).
   It affects your SH (+5).
Wands
 r - a wand of mindburst (7)
 s - a wand of iceblast (5)
 t - a wand of acid (4)
Scrolls
 h - 4 scrolls of blinking
 m - 4 scrolls of amnesia
 n - 7 scrolls of fog
 o - a scroll of holy word
 p - 5 scrolls of identify
 q - 2 scrolls of fear
 w - 2 scrolls of acquirement
 G - 3 scrolls of brand weapon
 I - 8 scrolls of enchant weapon
Potions
 b - 2 potions of brilliance
 c - 9 potions of curing
 d - 10 potions of heal wounds
 e - 14 potions of haste
 f - 7 potions of magic
 g - 3 potions of berserk rage
 i - 2 potions of invisibility
 j - 4 potions of resistance
 k - a potion of experience
 l - 5 potions of might
Miscellaneous
 u - a box of beasts
 v - a condenser vane (inert)
 A - a phantom mirror
 B - a lightning rod (4/4)
 D - a phantom mirror
 K - a tin of tremorstones (2/2)


   Skills:
 + Level 10.7 Dodging
 - Level 5.3 Stealth
 + Level 4.7 Shields
 + Level 21.8 Spellcasting
 + Level 16.0 Conjurations
 + Level 22.9 Fire Magic
 * Level 13.3 Earth Magic
 + Level 10.2 Evocations


You had 11 spell levels left.
You knew the following spells:

 Your Spells              Type           Power      Damage    Failure   Level
a - Foxfire               Conj/Fire      100%       2x1d9     0%          1
b - Conjure Flame         Conj/Fire      100%       6-21      0%          3
c - Inner Flame           Hex/Fire       86%        N/A       0%          3
d - Sticky Flame          Conj/Fire      100%       2d11      0%          4
e - Fireball              Conj/Fire      53%        3d21      0%          5
f - Iron Shot             Conj/Erth      47%        9d9       1%          6
g - Lee's Rapid Deconstr  Erth           45%        3d23*     1%          5
h - Ignition              Fire           57%        3d16      1%          8
i - Shatter               Erth           45%        3d35*     61%         9

Your spell library contained the following spells:

 Spells                   Type           Power      Damage    Failure   Level
 Chain Lightning          Conj/Air       37%        N/A       43%         8
 Magic Dart               Conj           100%       1d8       0%          1
 Sandblast                Erth           100%       2d20      0%          1
 Searing Ray              Conj           100%       3d7       0%          2
 Stone Arrow              Conj/Erth      100%       3d13      0%          3
 Bolt of Magma            Conj/Fire/Erth 51%        4d21      0%          5
 Animate Skeleton         Necr           74%        N/A       1%          1
 Apportation              Tloc           74%        N/A       1%          1
 Corona                   Hex            41%        N/A       1%          1
 Pain                     Necr           100%       1d9       1%          1
 Shock                    Conj/Air       100%       1d9       1%          1
 Summon Small Mammal      Summ           100%       N/A       1%          1
 Blink                    Tloc           N/A        N/A       1%          2
 Corpse Rot               Necr/Air       N/A        N/A       1%          2
 Passwall                 Tmut/Erth      58%        N/A       1%          2
 Static Discharge         Conj/Air       75%        N/A       1%          2
 Dazzling Flash           Conj/Hex       100%       N/A       1%          3
 Fulminant Prism          Conj/Hex       37%        3d18      1%          4
 Iskenderun's Mystic Bla  Conj/Tloc      75%        2d15      1%          4
 Petrify                  Tmut/Erth      70%        N/A       1%          4
 Borgnjor's Vile Clutch   Necr/Erth      35%        N/A       1%          5
 Iskenderun's Battlesphe  Conj           98%        2d14      1%          5
 Lightning Bolt           Conj/Air       37%        1d56      1%          5
 Conjure Ball Lightning   Conj/Air       37%        3x3d12    1%          6
 Orb of Destruction       Conj           49%        9d15      1%          7
 Summon Guardian Golem    Hex/Summ       37%        N/A       2%          3
 Swiftness                Air            37%        N/A       2%          3
 Airstrike                Air            18%        N/A       2%          4
 Freezing Cloud           Conj/Ice/Air   32%        6-21      4%          6
 Yara's Violent Unravell  Hex/Tmut       18%        3d9       6%          5
 Spellforged Servitor     Conj/Summ      37%        N/A       7%          7
 Animate Dead             Necr           18%        N/A       8%          4
 Passage of Golubria      Tloc           N/A        N/A       8%          4
 Summon Lightning Spire   Summ/Air       37%        N/A       8%          4
 Excruciating Wounds      Necr           18%        N/A       22%         5
 Silence                  Hex/Air        18%        N/A       22%         5
 Dispersal                Tloc           18%        N/A       77%         6
 Invisibility             Hex            37%        N/A       77%         6
 Simulacrum               Ice/Necr       18%        N/A       77%         6
 Haunt                    Necr/Summ      18%        N/A       100%        7
 Malign Gateway           Summ/Tloc      18%        N/A       100%        7
 Monstrous Menagerie      Summ           18%        N/A       100%        7
 Summon Hydra             Summ           18%        N/A       100%        7
 Summon Horrible Things   Summ           18%        N/A       100%        8
 Dragon's Call            Summ           18%        N/A       100%        9
 Tornado                  Air            18%        N/A       100%        9


Dungeon Overview and Level Annotations

Branches:
Dungeon (1/1)

Altars:
Ashenzari
Cheibriados
Dithmenos
Elyvilon
Fedhas
Gozag
Hepliaklqana
Kikubaaqudgha
Makhleb
Nemelex Xobeh
Okawaru
Qazlal
Ru
Sif Muna
Trog
Uskayaw
Vehumet
Wu Jian
Xom
Yredelemnul
Zin
The Shining One
Beogh
Jiyva
Lugonu


Message History

The fireball engulfs the yellow draconian!!
The yellow draconian is severely wounded.
The fireball engulfs the yellow draconian!!
The yellow draconian is almost dead.
The fireball engulfs the purple draconian!!
The purple draconian is almost dead.
The fireball engulfs the red draconian!
The red draconian resists.
The red draconian is moderately wounded.
The fireball engulfs the yellow draconian!!
You kill the yellow draconian!
Vehumet accepts your kill.
Vehumet offers you knowledge of Chain Lightning.
You feel your power returning.
The fireball engulfs the black draconian.
The black draconian is moderately wounded.
The fireball engulfs the purple draconian!
The purple draconian is almost dead.
The fireball engulfs the red draconian!
The red draconian resists.
The red draconian is heavily wounded.
The fireball engulfs the black draconian.
The black draconian is moderately wounded.
The fireball engulfs the red draconian stormcaller!
The red draconian stormcaller resists.
The red draconian stormcaller is moderately wounded.
The fireball engulfs the black draconian!!
The black draconian is severely wounded.
You hear a sizzling sound! x2; You hear a roar!
A yellow draconian comes into view.
It is wielding a +6 flail of protection.
Wyrmbane glows as a worthy foe approaches.
A purple draconian stormcaller comes into view.
It is wielding a +0 whip.
Wyrmbane glows as a worthy foe approaches.
The black draconian breathes lightning at you.
The bolt of lightning hits you!!
Ouch! That really hurt!
* * * LOW HITPOINT WARNING * * *
The red draconian stormcaller utters an invocation to Qazlal.
The yellow draconian throws acid at you.
The glob of acid hits you but does no damage.
You are splashed with acid!
You die...

▓.........
▓..dq|)"kdq:§.▓.....()..
▓....dddk)k...▓....)..).
▓..d...d.d.d..▓.....)...
▓.......d.....▓......)..
▓.......☼.....▓..▓.....▓
▓.....§☼☼.....▓.........
▓.....☼○§.....▓.....©...
▓..▓..§@§..▓..▓▓▓▓▓▓▓▓▓▓
▓.......☼.....▓....8©8..
▓.............▓..)}}.:|}
▓......©......▓.).[)|)..
▓▓▓▓▓▓▓▓▓▓▓▓▓▓▓..)......
▓....)†... ▓.........
▓......... ▓.........


You could see 3 draconians, 4 draconians, a purple draconian, a red draconian, a
white draconian, 2 draconians, a death drake (summoned) and 2 wind drakes.

Vanquished Creatures
  A lich (D)
  An acid blob (D)
  A sphinx (D)
  A rockslime (D)
  An azure jelly (D)
  A revenant (D)
  A frost giant (D)
  An orc warlord (D)
  A ghoul (D)
  A stone giant (D)
  A green draconian (D)
  A yellow draconian (D)
  2 ettins (D)
  A peacekeeper (D)
  A vault guard (D)
  8 two-headed ogres (D)
  4 orc high priests (D)
  A thrashing horror (D)
  3 orc knights (D)
  2 necromancers (D)
  2 deep elf zephyrmancers (D)
  3 deep elf archers (D)
  A worldbinder (D)
  3 orc sorcerers (D)
  3 cyclopes (D)
  An eye of devastation (D)
  4 yaktaurs (D)
  A demonic crawler (D)
  An ancient zyme (D)
  5 trolls (D)
  A hornet (D)
  3 slime creatures (D)
  2 tarantellas (D)
  A shadow (D)
  2 spriggans (D)
  A yak (D)
  A large abomination (D)
  A fire elemental (D)
  A neqoxec (D)
  2 wargs (D)
  A water moccasin (D)
  A floating eye (D)
  2 small abominations (D)
  6 orc warriors (D)
  2 necrophages (D)
  5 black bears (D)
  6 ogres (D)
  3 centaurs (D)
  A bullfrog (D)
  4 scorpions (D)
  2 wights (D)
  4 crimson imps (D)
  2 jellies (D)
  2 quasits (D)
  2 orc priests (D)
  3 iron imps (D)
  An iguana (D)
  An adder (D)
  A river rat (D)
  2 white imps (D)
  2 ufetubi (D)
  An adder skeleton (D)
  A ball python (D)
  2 bat skeletons (D)
  A jackal (D)
  A jackal zombie (D)
132 creatures vanquished.

Notes
Turn   | Place    | Note
-------+----------+-------------------------------------------
     0 | D        | mhtbhm the Deep Elf Fire Elementalist began the quest for
                  | the Orb.
     0 | D        | Reached XP level 1. HP: 10/10 MP: 6/6
     0 | D        | Found a shimmering blue altar of Sif Muna.
     0 | D        | Found a bloodstained altar of Trog.
     0 | D        | Found a sacrificial altar of Ru.
     0 | D        | Found a stormy altar of Qazlal.
     0 | D        | Found an iron altar of Okawaru.
     1 | D        | Found a sparkling altar of Nemelex Xobeh.
     1 | D        | Found a blossoming altar of Fedhas.
     2 | D        | Found the +6 Majin-Bo {vamp, MP+6 Int+6}
     2 | D        | Found the +9 heavy crossbow "Sniper" {vorpal, Acc+∞ SInv}
     2 | D        | Found the +10 dark maul {vorpal}
     2 | D        | Found the +15 Maxwell's patent armour {-Cast -Tele rElec
                  | Will+ rCorr}
     2 | D        | Found the +18 shield of the Gong {rElec rN+ Will+ EV-5}
     2 | D        | Found the +14 obsidian axe {vorpal, Drain Fly SInv}
     2 | D        | Found the +7 great mace "Firestarter" {inner flame, rF++}
     2 | D        | Found the +6 shillelagh "Devastator" {shatter}
     2 | D        | Found the +11 plutonium sword {Contam Stlth-}
     2 | D        | Found the +8 lance "Wyrmbane" {slay drac, rPois rF+ rC+
                  | AC+3}
     2 | D        | Found the +9 sword of Zonguldrok {reap}
     2 | D        | Found the +13 scythe of Curses {drain, Drain}
     2 | D        | Found the +5 sword of Power {vorpal}
     2 | D        | Found the +7 mace of Variability {chain chaos}
     2 | D        | Found the +7 Singing Sword {vorpal, sonic wave}
     2 | D        | Found the +8 storm bow {elec, penet}
     3 | D        | Found a transporter.
     3 | D        | Found an ancient bone altar of Kikubaaqudgha.
     3 | D        | Found a viscous altar of Jiyva.
     3 | D        | Found a corrupted altar of Lugonu.
     3 | D        | Found a hazy altar of Hepliaklqana.
     3 | D        | Found a burning altar of Makhleb.
     3 | D        | Found an opulent altar of Gozag.
    35 | D        | Became a worshipper of Vehumet
    59 | D        | Entered arena 2.
    59 | D        | Noticed a scorpion
    59 | D        | Noticed a tarantella
    59 | D        | Found a transporter.
    61 | D        | Killed a scorpion
    62 | D        | Reached skill level 5 in Spellcasting
    62 | D        | Reached skill level 6 in Fire Magic
    62 | D        | Reached XP level 2. HP: 15/15 MP: 7/10
    62 | D        | Reached XP level 3. HP: 19/19 MP: 7/11
    62 | D        | Killed a tarantella
    63 | D        | Reached skill level 5 in Dodging
    63 | D        | Reached skill level 5 in Stealth
    63 | D        | Reached skill level 10 in Fire Magic
    63 | D        | Reached skill level 1 in Evocations
    63 | D        | Reached XP level 4. HP: 24/24 MP: 8/15
    63 | D        | Reached XP level 5. HP: 28/28 MP: 8/16
    67 | D        | Learned a level 3 spell: Conjure Flame
    71 | D        | Learned a level 3 spell: Inner Flame
    76 | D        | Learned a level 4 spell: Sticky Flame
    82 | D        | Learned a level 5 spell: Fireball
   117 | D        | Entered arena 3.
   117 | D        | Noticed a water moccasin
   117 | D        | Found a transporter.
   118 | D        | Killed a water moccasin
   118 | D        | Reached * piety under Vehumet
   118 | D        | Offered knowledge of Shock by Vehumet.
   119 | D        | Reached skill level 11 in Fire Magic
   119 | D        | Reached XP level 6. HP: 32/32 MP: 12/19
   125 | D        | Got the Almanac of Stolen Souls
   188 | D        | Entered arena 4.
   188 | D        | Noticed a tarantella
   188 | D        | Found a transporter.
   189 | D        | Reached ** piety under Vehumet
   190 | D        | Reached skill level 12 in Fire Magic
   192 | D        | Killed a tarantella
   193 | D        | Reached XP level 7. HP: 36/36 MP: 8/22
   270 | D        | Entered arena 5.
   270 | D        | Noticed a yaktaur
   270 | D        | Found a transporter.
   272 | D        | Offered knowledge of Poisonous Vapours by Vehumet.
   272 | D        | Reached *** piety under Vehumet
   273 | D        | Reached skill level 10 in Spellcasting
   273 | D        | Reached skill level 13 in Fire Magic
   276 | D        | Killed a yaktaur
   277 | D        | Reached skill level 14 in Fire Magic
   277 | D        | Reached XP level 8. HP: 38/41 MP: 9/25
   368 | D        | Entered arena 6.
   368 | D        | Found a transporter.
   369 | D        | Reached **** piety under Vehumet
   381 | D        | Got the amulet "Emuqistri" {Reflect Int-4 Dex+6 SH+5}
   417 | D        | Entered arena 7.
   417 | D        | Noticed a deep elf archer
   417 | D        | Noticed a deep elf zephyrmancer
   417 | D        | Noticed a deep elf archer
   417 | D        | Noticed a deep elf zephyrmancer
   417 | D        | Noticed a deep elf archer
   420 | D        | Killed a deep elf zephyrmancer
   420 | D        | Reached ***** piety under Vehumet
   420 | D        | Killed a deep elf archer
   421 | D        | Reached skill level 1 in Shields
   421 | D        | Reached skill level 15 in Fire Magic
   421 | D        | Reached XP level 9. HP: 45/45 MP: 25/28
   421 | D        | Killed a deep elf zephyrmancer
   421 | D        | Killed a deep elf archer
   422 | D        | Reached skill level 16 in Fire Magic
   422 | D        | Killed a deep elf archer
   423 | D        | Reached skill level 17 in Fire Magic
   423 | D        | Found a transporter.
   500 | D        | Got the Collected Works on Evil Secrets and Fire
   529 | D        | Entered arena 8.
   529 | D        | Noticed a peacekeeper
   529 | D        | Noticed a sphinx
   529 | D        | Noticed a yaktaur
   529 | D        | Noticed a yaktaur
   529 | D        | Noticed a yaktaur
   529 | D        | Noticed a vault guard
   530 | D        | Identified the +7 quarterstaff of the Swamp {venom, rPois
                  | rN+}
   532 | D        | Killed a vault guard
   532 | D        | Offered knowledge of Stone Arrow by Vehumet.
   533 | D        | Reached skill level 5 in Evocations
   533 | D        | Reached XP level 10. HP: 42/50 MP: 26/30
   534 | D        | Killed a peacekeeper
   535 | D        | Reached skill level 15 in Spellcasting
   535 | D        | Reached skill level 18 in Fire Magic
   535 | D        | Killed a sphinx
   535 | D        | Reached ****** piety under Vehumet
   536 | D        | Reached skill level 10 in Dodging
   675 | D        | Found a transporter.
   698 | D        | Entered arena 9.
   698 | D        | Noticed a spriggan rider
   700 | D        | Offered knowledge of Ignite Poison by Vehumet.
   701 | D        | Reached skill level 19 in Fire Magic
   702 | D        | Reached XP level 11. HP: 54/54 MP: 25/33
   869 | D        | Found a transporter.
   884 | D        | Got Emiblarph's Tome of Unstable Conjuration
   901 | D        | Learned a level 6 spell: Iron Shot
   903 | D        | Entered arena 10.
   903 | D        | Noticed a two-headed ogre
   903 | D        | Noticed a two-headed ogre
   903 | D        | Noticed a two-headed ogre
   903 | D        | Noticed a two-headed ogre
   905 | D        | Killed a two-headed ogre
   905 | D        | Offered knowledge of Mephitic Cloud by Vehumet.
   905 | D        | Killed a two-headed ogre
   905 | D        | Killed a two-headed ogre
   906 | D        | Reached skill level 10 in Conjurations
   906 | D        | Killed a two-headed ogre
   907 | D        | Reached skill level 5 in Earth Magic
  1008 | D        | Found a transporter.
  1037 | D        | Entered arena 11.
  1037 | D        | Noticed a lich
  1037 | D        | Noticed a thrashing horror
  1038 | D        | Found the +7 Kryia's mail coat {PotionHeal*2 rC+}
  1040 | D        | Reached skill level 20 in Fire Magic
  1042 | D        | Killed a thrashing horror
  1046 | D        | Killed a lich
  1066 | D        | Found a transporter.
  1072 | D        | Got the Guide on the Twisted Escort
  1145 | D        | Entered arena 12.
  1145 | D        | Noticed a rockslime
  1147 | D        | Offered knowledge of Ozocubu's Refrigeration by Vehumet.
  1147 | D        | Noticed an azure jelly
  1149 | D        | Reached XP level 12. HP: 59/59 MP: 31/36
  1149 | D        | Killed an azure jelly
  1150 | D        | Noticed an acid blob
  1151 | D        | Killed a rockslime
  1153 | D        | Killed an acid blob
  1154 | D        | Reached skill level 21 in Fire Magic
  1372 | D        | Found a transporter.
  1392 | D        | Entered arena 13.
  1392 | D        | Noticed an orc high priest
  1392 | D        | Noticed an ettin
  1392 | D        | Noticed an orc high priest
  1394 | D        | Offered knowledge of Hailstorm by Vehumet.
  1396 | D        | Killed an ettin
  1397 | D        | Killed an orc high priest
  1400 | D        | Reached skill level 10 in Earth Magic
  1400 | D        | Identified the +0 dire flail of Floods {vamp, Fragile
                  | Str+7}
  1401 | D        | Killed an orc high priest
  1523 | D        | Found a transporter.
  1559 | D        | Learned a level 5 spell: Lee's Rapid Deconstruction
  1561 | D        | Entered arena 14.
  1564 | D        | Offered knowledge of Starburst by Vehumet.
  1566 | D        | Noticed a ghoul
  1569 | D        | Killed a ghoul
  1716 | D        | Found a transporter.
  1746 | D        | Entered arena 15.
  1747 | D        | Noticed a two-headed ogre
  1747 | D        | Noticed a two-headed ogre
  1747 | D        | Noticed a stone giant
  1748 | D        | Noticed a two-headed ogre
  1748 | D        | Noticed a two-headed ogre
  1748 | D        | Noticed a frost giant
  1752 | D        | Offered knowledge of Irradiate by Vehumet.
  1753 | D        | Reached XP level 13. HP: 63/63 MP: 37/39
  1757 | D        | Killed a frost giant
  1758 | D        | Reached skill level 22 in Fire Magic
  1758 | D        | Killed a stone giant
  1759 | D        | Reached skill level 15 in Conjurations
  1869 | D        | Found a transporter.
  1906 | D        | Entered arena 16.
  1909 | D        | Noticed a revenant
  1911 | D        | Offered knowledge of Eringya's Noxious Bog by Vehumet.
  1920 | D        | Killed a revenant
  1921 | D        | Reached skill level 10 in Evocations
  2022 | D        | Found a transporter.
  2033 | D        | Got Zakhlovu's Grimoire of Stones and Calling
  2129 | D        | Entered arena 17.
  2132 | D        | Noticed an ettin
  2134 | D        | Offered knowledge of Eringya's Noxious Bog by Vehumet.
  2134 | D        | Noticed an orc warlord
  2136 | D        | Killed an ettin
  2137 | D        | Identified the +10 spear "mhtbhm's Bane" {flame, Int+4}
  2137 | D        | Identified the +7 chain mail "Ninesoc" {rN+ Will+ Regen+}
  2149 | D        | Killed an orc warlord
  2223 | D        | Found a transporter.
  2232 | D        | Got the ring "Dosola" {rElec Will+}
  2237 | D        | Got the ring of the Equinox {Ice Int+3 Dex+3 Stlth+}
  2292 | D        | Learned a level 8 spell: Ignition
  2302 | D        | Learned a level 9 spell: Shatter
  2309 | D        | Entered arena 18.
  2312 | D        | Noticed a yellow draconian
  2312 | D        | Noticed a white draconian
  2312 | D        | Noticed a yellow draconian
  2312 | D        | Noticed a yellow draconian
  2312 | D        | Noticed a black draconian
  2312 | D        | Noticed a black draconian scorcher
  2312 | D        | Noticed a red draconian
  2312 | D        | Noticed a green draconian
  2312 | D        | Noticed a yellow draconian
  2312 | D        | Noticed a purple draconian
  2312 | D        | Noticed a black draconian
  2312 | D        | Noticed a black draconian
  2313 | D        | Noticed a red draconian stormcaller
  2314 | D        | Killed a green draconian
  2314 | D        | Killed a yellow draconian
  2314 | D        | Offered knowledge of Chain Lightning by Vehumet.
  2314 | D        | Noticed a yellow draconian
  2314 | D        | Noticed a purple draconian stormcaller
  2314 | D        | Splashed by a yellow draconian's acid

Illustrated notes

Levels and vault maps discovered:
D:        sprint_v [room_start, room_1, room_2, room_3, room_4, room_5, room_6,
          room_7, room_8, room_9, room_10, room_11, room_12, room_13, room_14,
          room_15, room_16, room_17, room_18, room_19, room_20, room_21,
          room_22, room_23, room_24, room_25, room_26, room_27]

Skill      XL: |  1  2  3  4  5  6  7  8  9 10 11 12 13 |
---------------+----------------------------------------+-----
Dodging        | 3 5 6 7 8 9 10 | 10.7
Stealth        | 3 5 |  5.3
Spellcasting   | 5 7 8 9 11 13 14 16 18 20 21 | 21.8
Fire Magic     | 6 10 11 12 14 15 17 19 20 21 22 | 22.9
Evocations     | 1 2 3 4 5 6 8 9 10 | 10.2
Conjurations   | 2 3 4 6 7 9 11 14 16 | 16.0
Shields        | 1 2 3 4 |  4.7
Earth Magic    | 7 11 13 | 13.3

Action                   |  1- 3 |  4- 6 |  7- 9 | 10-12 | 13-15 || total
-------------------------+-------+-------+-------+-------+-------++-------
 Cast: Fireball          |       |     4 |    10 |    41 |    24 ||    79
       Sticky Flame      |       |     1 |       |     1 |     2 ||     4
       Iron Shot         |       |       |       |     2 |       ||     2
       Ignition          |       |       |       |       |     1 ||     1
Evoke: Wand              |     2 |       |     1 |     1 |     1 ||     5
       Lightning rod     |     1 |       |       |       |       ||     1
       Condenser vane    |       |       |     3 |     8 |     5 ||    16
       Phantom mirror    |       |       |       |     1 |       ||     1
       Tin of tremorston |       |       |       |       |     1 ||     1
  Use: Potion            |       |     1 |     3 |       |     1 ||     5
Armor: Robe              |       |       |       |     1 |     1 ||     2
Dodge: Dodged            |       |     1 |     3 |     8 |     3 ||    15
Block: Other             |       |       |     4 |     1 |     3 ||     8
       Reflection        |       |       |     3 |       |     1 ||     4

Table legend: (Time is in decaauts)
 A = Elapsed time spent in this place.
 B = Non-inter-level travel time spent in this place.
 C = Inter-level travel time spent in this place.
 D = Time resting spent in this place.
 E = Time spent auto-exploring this place.
 F = Levels seen in this place.
 G = Mean time per level.
                   A        B        C        D        E       F      G
               +--------+--------+--------+--------+--------+-----+--------+
         Total |   2312 |   2312 |      0 |   1618 |      0 |   1 | 2312.0 |
       Dungeon |   2312 |   2312 |      0 |   1618 |      0 |   1 | 2312.0 |
               +--------+--------+--------+--------+--------+-----+--------+

Top non-repeatable levels by time:
       D: 2312 daAuts
